 Dungeon Sprint DCSS version 0.29-a0-303-ge4682ce883 (webtiles) character file.

Game seed: 13149396508133978351

342 Conn the Arsonist (level 6, -6/38 HPs)
             Began as an Octopode Fire Elementalist on Mar 25, 2022.
             Was a High Priest of Sif Muna.
             Mangled by a phantasmal warrior (37 damage)
             ... in the Dungeon (Sprint VII: "The Pits").
             The game lasted 00:06:38 (1165 turns).

Conn the Arsonist (Octopode Fire Elementalist)      Turns: 1165, Time: 00:06:39

Health: -6/38      AC:  1    Str:  7    XL:     6   Next: 57%
Magic:  15/15      EV: 14    Int: 19    God:    Sif Muna [*****.]
Gold:   0          SH:  0    Dex: 13    Spells: 1/18 levels left

rFire   . . .      SeeInvis .   c - +2 dagger (elec)
rCold   . . .      Faith    .   (no shield)
rNeg    . . .      Spirit   .   (helmet restricted)
rPois   .          Reflect  .   (no amulet)
rElec   .          Harm     .   (no ring)
rCorr   .          Rampage  .   (no ring)
Will    .....      NoTele   +   (no ring)
Stlth   ++++......              (no ring)
HPRegen 0.12/turn               (no ring)
MPRegen 0.14/turn               (no ring)
                                (no ring)
                                (no ring)

@: hasted, very quick
A: almost no armour, amphibious, 8 rings, camouflage 1, gelatinous body 1,
(nimble swimmer 1), tentacles
a: Renounce Religion, Channel Magic, Forget Spell, Divine Exegesis


You were in the Dungeon.
You worshipped Sif Muna.
Sif Muna was extremely pleased with you.
You visited 1 branch

Inventory:

Hand Weapons
 c - a +2 dagger of electrocution (weapon)
 g - a +2 dagger
 k - a +0 short sword
Missiles
 b - 3 poisoned darts
Scrolls
 f - a scroll of blinking
 i - 5 scrolls of amnesia
 j - a scroll of summoning
Potions
 a - 5 potions of magic
 e - a potion of berserk rage
 h - a potion of invisibility
 l - 5 potions of curing
 m - 5 potions of heal wounds


   Skills:
 + Level 1.2 Fighting
 + Level 1.7 Short Blades
 + Level 4.2 Dodging
 + Level 5.6 Stealth
 + Level 6.7 Spellcasting
 * Level 5.1 Conjurations
 * Level 1.4 Hexes
 + Level 8.9 Fire Magic


You had one spell level left.
You knew the following spells:

 Your Spells              Type           Power      Damage    Failure   Level
a - Foxfire               Conj/Fire      100%       2x1d9     1%          1
b - Conjure Flame         Conj/Fire      33%        6-21      1%          3
c - Inner Flame           Hex/Fire       26%        N/A       3%          3
d - Flame Wave            Conj/Fire      33%        2d8       6%          4
e - Scorch                Fire           80%        2d9       1%          2
f - Fulminant Prism       Conj/Hex       9%         3d7       26%         4

Your spell library contained the following spells:

 Spells                   Type           Power      Damage    Failure   Level
 Cause Fear               Hex            5%         N/A       50%         4
 Yara's Violent Unravell  Hex/Tmut       4%         3d4       91%         5
 Enfeeble                 Hex            5%         N/A       100%        7
 Discord                  Hex            5%         N/A       100%        8


Dungeon Overview and Level Annotations

Branches:
Dungeon (1/1)

Altars:
Ashenzari
Cheibriados
Dithmenos
Elyvilon
Fedhas
Gozag
Hepliaklqana
Kikubaaqudgha
Makhleb
Nemelex Xobeh
Okawaru
Qazlal
Ru
Sif Muna
Trog
Uskayaw
Vehumet
Wu Jian
Xom
Yredelemnul
Zin
The Shining One
Beogh
Jiyva
Lugonu


Innate Abilities, Weirdness & Mutations

You cannot wear most types of armour.
You are amphibious.
You can wear up to eight rings at the same time.
Your skin changes colour to match your surroundings (Stealth+).
Your rubbery body absorbs attacks. (AC +1, EV +1)
((You are camouflaged when in or above water. (Stealth+)))
You have tentacles for arms and can constrict up to eight enemies at once.


Message History

Things that are here:
a +0 club; a +0 spear Your foxfire dissipates!
You see here a +0 whip.
You open the door.
A gnoll comes into view. It is wielding a +0 spear.
There is an open door here.
The helpless gnoll fails to defend itself.
You impale the gnoll!! Lightning courses through the gnoll!
You kill the gnoll!
Sif Muna accepts your kill.
Things that are here:
a +0 spear; a gnoll corpse
There is an open door here.
There is an open door here.
You open the door.
A phantasmal warrior comes into view.
The phantasmal warrior hits you!
Things that are here:
a +0 spear; a gnoll corpse
Casting: Foxfire (safe; 1% risk of failure)
Confirm with . or Enter, or press ? or * to list all spells.
Okay, then.
Unknown command.
Unknown command.
Unknown command.
Casting: Foxfire (safe; 1% risk of failure)
Confirm with . or Enter, or press ? or * to list all spells.
Okay, then.
You aren't carrying any items that you can evoke.
Unknown command.
Okay, then.
Unknown command.
Press: ? - help, v - describe, . - travel
Here: a phantasmal warrior An open door.
Unknown command.
You feel yourself speed up. The phantasmal warrior hits you!!!
Ouch! That really hurt!
You die...

#.#..#[.)).##.......##..#.
#)###########.......##..'.
#.......# ##########..'.
#.)#.#..# #..'. #.##.##.#
#..#. #.......#+# #..#.
#.##.##.#.+ #..##
#..#.#..#W# #..#
#.......'@# #..#
###########


You could see a phantasmal warrior.

Vanquished Creatures
  A sky beast (D)
  A kobold brigand (D)
  A crimson imp (D)
  A gnoll shaman (D)
  A mummy (D)
  8 gnolls (D)
  An adder skeleton (D)
  2 orcs (D)
  A goblin (D)
  9 jackals (D)
  A bat (D)
  A rat (D)
28 creatures vanquished.

Vanquished Creatures (others)
  93 foxfires (D)
93 creatures vanquished.

Grand Total: 121 creatures vanquished

Notes
Turn   | Place    | Note
-------+----------+-------------------------------------------
     0 | D        | Conn the Octopode Fire Elementalist began the quest for the
                  | Orb.
     0 | D        | Reached XP level 1. HP: 11/11 MP: 3/3
    45 | D        | Found a bloodstained altar of Trog.
    45 | D        | Found a shimmering blue altar of Sif Muna.
    45 | D        | Found a viscous altar of Jiyva.
    45 | D        | Found a hazy altar of Hepliaklqana.
    45 | D        | Found an opulent altar of Gozag.
    46 | D        | Found a glowing golden altar of the Shining One.
    46 | D        | Found a glowing silver altar of Zin.
    46 | D        | Found a basalt altar of Yredelemnul.
    46 | D        | Found a shimmering altar of Xom.
    46 | D        | Found an ornate altar of the Wu Jian Council.
    46 | D        | Found a sacrificial altar of Ru.
    46 | D        | Found a stormy altar of Qazlal.
    46 | D        | Found an iron altar of Okawaru.
    46 | D        | Found a sparkling altar of Nemelex Xobeh.
    46 | D        | Found a burning altar of Makhleb.
    46 | D        | Found a blossoming altar of Fedhas.
    46 | D        | Found a white marble altar of Elyvilon.
    46 | D        | Found a shadowy altar of Dithmenos.
    46 | D        | Found a snail-covered altar of Cheibriados.
    48 | D        | Found a corrupted altar of Lugonu.
    48 | D        | Found a radiant altar of Vehumet.
    49 | D        | Found an ancient bone altar of Kikubaaqudgha.
    49 | D        | Found a hide-covered altar of Uskayaw.
    49 | D        | Found a broken altar of Ashenzari.
    50 | D        | Became a worshipper of Sif Muna the Loreminder
   295 | D        | Reached * piety under Sif Muna
   296 | D        | Reached skill level 4 in Fire Magic
   298 | D        | Reached XP level 2. HP: 15/17 MP: 0/5
   340 | D        | Reached ** piety under Sif Muna
   341 | D        | Noticed a kobold brigand
   344 | D        | Reached skill level 5 in Fire Magic
   372 | D        | Learned a level 2 spell: Scorch
   393 | D        | Reached *** piety under Sif Muna
   394 | D        | Reached XP level 3. HP: 18/21 MP: 0/7
   458 | D        | Learned a level 3 spell: Conjure Flame
   479 | D        | Killed a kobold brigand
   480 | D        | Reached skill level 7 in Fire Magic
   480 | D        | Reached XP level 4. HP: 27/27 MP: 0/10
   653 | D        | Reached XP level 5. HP: 32/32 MP: 2/11
   654 | D        | Reached **** piety under Sif Muna
   681 | D        | Noticed a sky beast
   702 | D        | Killed a sky beast
   703 | D        | Reached skill level 1 in Fighting
   703 | D        | Reached skill level 1 in Short Blades
   703 | D        | Reached skill level 5 in Stealth
   703 | D        | Reached skill level 5 in Spellcasting
   703 | D        | Reached skill level 8 in Fire Magic
   703 | D        | Reached XP level 6. HP: 38/38 MP: 0/14
   708 | D        | Learned a level 3 spell: Inner Flame
   713 | D        | Learned a level 4 spell: Flame Wave
   857 | D        | Noticed a flayed ghost
   857 | D        | Noticed an orc knight
   926 | D        | Reached ***** piety under Sif Muna
   935 | D        | Received a gift from Sif Muna
   943 | D        | Got Sif Muna's Papyrus of the Peculiar Emperors {god gift}
   949 | D        | Learned a level 4 spell: Fulminant Prism
  1072 | D        | Reached skill level 1 in Hexes
  1085 | D        | Reached skill level 5 in Conjurations
  1163 | D        | Noticed a phantasmal warrior
  1165 | D        | Mangled by a phantasmal warrior

Illustrated notes

Levels and vault maps discovered:
D:        pitsprint [storerooms_1, entrance_room_1, metal_vault_1, armoury_3,
          mini_pit_1, grid_room_1, main_hall_1, silver_pit, the_coven_3,
          the_vestibule_1, steel_vault_1, golden_pit, hallway_of_sentries,
          crystal_vault_4, iron_vault_5, final_vault]

Skill      XL: |  1  2  3  4  5  6 |
---------------+-------------------+-----
Stealth        | 3 4 5 |  5.6
Fire Magic     | 4 5 7 8 |  8.9
Spellcasting   | 3 4 5 6 |  6.7
Dodging        | 3 4 |  4.2
Conjurations   | 2 4 5 |  5.1
Fighting       | 1 |  1.2
Short Blades   | 1 |  1.7
Hexes          | 1 |  1.4

Action                   |  1- 3 |  4- 6 || total
-------------------------+-------+-------++-------
Melee: Dagger            |     9 |    10 ||    19
       Constrict         |     4 |     1 ||     5
       Tentacles         |     2 |     2 ||     4
 Cast: Foxfire           |    20 |    37 ||    57
       Conjure Flame     |     1 |     3 ||     4
       Inner Flame       |       |     5 ||     5
  Use: Potion            |     5 |     1 ||     6
 Stab: Sleeping          |       |     1 ||     1
Armor: Skin              |     2 |     1 ||     3
Dodge: Dodged            |    22 |    12 ||    34

Table legend: (Time is in decaauts)
 A = Elapsed time spent in this place.
 B = Non-inter-level travel time spent in this place.
 C = Inter-level travel time spent in this place.
 D = Time resting spent in this place.
 E = Time spent auto-exploring this place.
 F = Levels seen in this place.
 G = Mean time per level.
                   A        B        C        D        E       F      G
               +--------+--------+--------+--------+--------+-----+--------+
         Total |   1183 |   1183 |      0 |    450 |    236 |   1 | 1183.0 |
       Dungeon |   1183 |   1183 |      0 |    450 |    236 |   1 | 1183.0 |
               +--------+--------+--------+--------+--------+-----+--------+

Top non-repeatable levels by time:
       D: 1183 daAuts
